 Dungeon Crawl Stone Soup version 0.19.4-8-ga85b6b9 (webtiles) character file.

2288 vatarom the Covered (level 9, -2/69 HPs)
             Began as a Demonspawn Gladiator on Feb 12, 2017.
             Slain by a manticore (3 damage)
             ... on level 6 of the Dungeon.
             The game lasted 00:13:09 (7161 turns).

vatarom the Covered (Demonspawn Gladiator)          Turns: 7161, Time: 00:13:10

Health: -2/69      AC: 17    Str: 16    XL:     9   Next: 17%
Magic:  18/18      EV: 11    Int: 15    God:
Gold:   221        SH:  0    Dex: 16    Spells: 0 memorised, 8 levels left

rFire  + . .     SeeInvis .     g - +8 hand axe of Fotush {speed, rN+ MP+9 Int+2}
rCold  x . .     Gourm    .     o - +0 scale mail
rNeg   + . .     Faith    .     (no shield)
rPois  .         Spirit   .     r - +2 helmet {Int+3}
rElec  .         Reflect  .     (no cloak)
rCorr  +         Harm     .     (no gloves)
MR     .....                    (no boots)
Stlth  ..........               (no amulet)
                                d - ring of resist corrosion
                                j - ring of fire

@: about to teleport, barbed spikes, sanguine armour
A: claws 1, powered by death 2, spiny 1, sanguine armour 1
a: no special abilities


You were on level 6 of the Dungeon.
You were not hungry.

You visited 2 branches of the dungeon, and saw 7 of its levels.

You collected 221 gold pieces.

Inventory:

Hand Weapons
 a - a +0 quarterstaff
 g - the +8 hand axe of Fotush (weapon) {speed, rN+ MP+9 Int+2}
   (You found it on level 5 of the Dungeon)

   Attacks with this weapon are significantly faster.
   It affects your intelligence (+2).
   It protects you from negative energy.
   It affects your magic capacity (+9).
 q - a +1 trident of venom
Armour
 c - a +1 helmet
 o - a +0 scale mail (worn)
 r - a +2 helmet of intelligence (worn)
Jewellery
 d - a ring of resist corrosion (right claw)
 j - a ring of fire (left claw)
Wands
 p - a wand of digging (19/24)
Scrolls
 i - a scroll of remove curse
 m - 4 scrolls of identify
Comestibles
 b - a fruit
 f - 4 bread rations
 l - 4 meat rations


   Skills:
 - Level 5.8 Fighting
 - Level 6.4 Axes
 - Level 4.0 Staves
 - Level 1.7 Throwing
 - Level 6.4 Armour
 + Level 3.3 Dodging


You had 8 spell levels left.
You didn't know any spells.

Dungeon Overview and Level Annotations

Branches:
Dungeon (6/15)             Temple (1/1) D:5

Altars:
Ashenzari
Cheibriados
Dithmenos
Elyvilon
Fedhas
Hepliaklqana
Makhleb
Nemelex Xobeh
Okawaru
Sif Muna
Uskayaw
Xom
Yredelemnul


Innate Abilities, Weirdness & Mutations

You have sharp fingernails.
You regenerate health from kills.
You are partially covered in sharp spines.
When seriously injured, your bleeding wounds create armour. (AC +6)


Message History

The manticore bites you!
* * * LOW HITPOINT WARNING * * *
The manticore claws you but does no damage.
The manticore barely misses you.
You aren't carrying any potions.
Okay, then.
Unknown command.
As you read the scroll of teleportation, it crumbles to dust.
You feel strangely unstable. The manticore closely misses you.
The manticore claws you.
* * * LOW HITPOINT WARNING * * *
The manticore claws you but does no damage.
You slash the manticore!
The manticore is severely wounded.
You hit the manticore.
The manticore is severely wounded.
The manticore bites you.
* * * LOW HITPOINT WARNING * * *
The manticore claws you.
You die...

.. .# .# # ####
.##### ..#
..... #.# ...
#.##.###..#
#..@H.....#
#.##.......
#######.#
#####.#
#.......#
#.#####.#
#####.# #.# #
......#####.#
#.
............#
#.### .
####.#.########
##....


You could see a manticore.

Vanquished Creatures
  The ghost of appiemonkey the Transmogrifier, a novice MfTm (D:5)
  Grinder (D:3)
  Edmund (D:6)
  An ice beast (D:6)
  2 ogres
  A phantom (D:5)
  A centaur (D:6)
  A water moccasin zombie (D:4)
  3 scorpions
  A howler monkey (D:4)
  An electric eel (D:6)
  2 crimson imps (D:5)
  2 centaur skeletons
  3 hounds
  A bullfrog skeleton (D:6)
  3 centaur zombies (D:4)
  2 orc priests
  3 orc wizards
  4 iguanas
  3 worker ants
  Terence (D:3)
  3 hound zombies
  A hound skeleton (D:4)
  3 worker ant zombies
  4 gnolls (D:5)
  7 adders
  2 shadow imps (D:5)
  2 adder skeletons (D:4)
  An adder zombie (D:4)
  3 dart slugs
  5 leopard geckos
  14 orcs
  2 bat zombies (D:6)
  6 giant cockroaches
  7 goblins
  14 hobgoblins
  3 jackals
  A quokka (D:3)
  A ball python (D:2)
  A ball python skeleton (D:4)
  9 bats
  5 frilled lizards
  A jackal skeleton (D:4)
  A jackal zombie (D:4)
  4 kobolds
  2 leopard gecko skeletons (D:4)
  A leopard gecko zombie (D:4)
  2 quokka skeletons
  8 rats
151 creatures vanquished.

Notes
Turn   | Place    | Note
-------+----------+-------------------------------------------
     0 | D:1      | vatarom the Demonspawn Gladiator began the quest for the Orb.
     0 | D:1      | Reached XP level 1. HP: 16/16 MP: 1/1
   345 | D:1      | Gained mutation: You are partially covered in sharp spines. [demonic ancestry]
   345 | D:1      | Reached XP level 2. HP: 22/22 MP: 2/2
   845 | D:1      | Gained mutation: You have sharp fingernails. [demonic ancestry]
   845 | D:1      | Reached XP level 3. HP: 18/27 MP: 3/3
  1812 | D:2      | Reached skill level 1 in Armour
  1960 | D:2      | Reached XP level 4. HP: 25/33 MP: 4/4
  2409 | D:3      | Noticed Grinder
  2411 | D:3      | Paralysed by Grinder for 6 turns
  2728 | D:3      | Paralysed by Grinder for 7 turns
  2738 | D:3      | Paralysed by Grinder for 2 turns
  2758 | D:3      | Paralysed by Grinder for 4 turns
  2770 | D:3      | Killed Grinder
  2770 | D:3      | Reached XP level 5. HP: 38/38 MP: 5/5
  2770 | D:3      | Gained mutation: When seriously injured, your bleeding wounds create armour. (AC +6) [demonic ancestry]
  2770 | D:3      | Reached XP level 6. HP: 44/44 MP: 6/6
  2985 | D:3      | Found a shimmering altar of Xom.
  3007 | D:3      | Noticed Terence
  3020 | D:3      | Killed Terence
  3684 | D:4      | Reached skill level 5 in Armour
  3765 | D:4      | Gained mutation: You regenerate a little health from kills. [demonic ancestry]
  3765 | D:4      | Reached XP level 7. HP: 35/50 MP: 7/7
  3935 | D:4      | Found a shattered altar of Ashenzari.
  4925 | D:4      | Reached skill level 5 in Fighting
  4925 | D:4      | Gained mutation: You regenerate health from kills. [demonic ancestry]
  4925 | D:4      | Reached XP level 8. HP: 43/62 MP: 8/8
  5543 | D:5      | Entered Level 5 of the Dungeon
  5578 | D:5      | Got a jewelled hand axe
  5599 | D:5      | Identified the +8 hand axe of Fotush {speed, rN+ MP+9 Int+2} (You found it on level 5 of the Dungeon)
  5625 | D:5      | Found a staircase to the Ecumenical Temple.
  5654 | Temple   | Entered the Ecumenical Temple
  5812 | D:5      | Reached skill level 1 in Axes
  5888 | D:5      | Noticed a hand axe
  5888 | D:5      | Noticed a dagger
  5891 | D:5      | Found a hide-covered altar of Uskayaw.
  5967 | D:5      | Found Lexkaeleats's Weapon Shop.
  6000 | D:5      | Found a shadowy altar of Dithmenos.
  6050 | D:5      | Noticed appiemonkey's ghost (novice MfTm)
  6070 | D:5      | Killed appiemonkey's ghost
  6275 | D:5      | Reached skill level 5 in Axes
  6405 | D:6      | Noticed a manticore
  6787 | D:6      | Noticed Edmund
  6817 | D:6      | Killed Edmund
  6817 | D:6      | Reached XP level 9. HP: 41/69 MP: 9/9
  7159 | D:6      | HP: 3/69 [manticore (4)]
  7161 | D:6      | HP: 1/69 [manticore (2)]
  7161 | D:6      | Slain by a manticore

Skill      XL: |  1  2  3  4  5  6  7  8  9 |
---------------+----------------------------+-----
Staves         | 3 4 |  4.0
Armour         | 1 4 5 6 |  6.4
Fighting       | 5 |  5.8
Axes           | 5 6 |  6.4
Dodging        | 3 |  3.3
Throwing       | |  1.7

Action                   |  1- 3 |  4- 6 |  7- 9 || total
-------------------------+-------+-------+-------++-------
Melee: Quarterstaff      |    86 |    91 |   104 ||   281
       Hand axe          |       |       |   132 ||   132
Throw: Throwing net      |       |     6 |     1 ||     7
       Tomahawk          |       |       |     2 ||     2
Evoke: Wand              |       |       |     2 ||     2
  Use: Potion            |     8 |     1 |     5 ||    14
       Scroll            |     4 |     1 |     6 ||    11
 Stab: Held in net/web   |       |     2 |     2 ||     4
       Sleeping          |       |       |     2 ||     2
  Eat: Chunk             |     3 |     4 |     1 ||     8
       Beef jerky        |       |     1 |       ||     1
       Bread ration      |       |       |     2 ||     2
       Pizza             |       |       |     1 ||     1
Armor: Leather armour    |    20 |    11 |       ||    31
       Skin              |       |     9 |    22 ||    31
       Scale mail        |       |       |    45 ||    45
Dodge: Dodged            |    35 |    55 |   115 ||   205
